 Dungeon Crawl Stone Soup version 0.29-a0-72-g1732ff48e7 (webtiles) character file.

Game seed: 200023468257318477

4 Hubjo the Sneak (level 1, -1/15 HPs)
             Began as a Vampire Wanderer on Feb 3, 2022.
             Slain by a hobgoblin (3 damage)
             ... on level 1 of the Dungeon.
             The game lasted 00:01:01 (157 turns).

Hubjo the Sneak (Vampire Wanderer)                   Turns: 157, Time: 00:01:02

Health: -1/15      AC:  3    Str:  8    XL:     1   Next: 50%
Magic:  1/1        EV: 12    Int: 13    God:
Gold:   0          SH:  0    Dex: 17    Spells: 0/0 levels left

rFire   . . .      SeeInvis +   a - +0 dagger
rCold   . . .      Faith    .   (no shield)
rNeg    . . .      Spirit   .   f - +0 robe
rPois   .          Reflect  .   (no helmet)
rElec   .          Harm     .   (no cloak)
rCorr   .          Rampage  .   (no gloves)
Will    .....                   e - +0 pair of boots
Stlth   +++.......              (no amulet)
HPRegen 0.25/turn               (no ring)
MPRegen 0.07/turn               (no ring)

@: healing quickly
A: alive, fangs 3, see invisible, vampiric 1
a: Exsanguinate


You were on level 1 of the Dungeon.
You visited 1 branch of the dungeon, and saw 1 of its levels.

Inventory:

Hand Weapons
 a - a +0 dagger (weapon)
 d - a +0 hand axe
Missiles
 b - 2 atropa-tipped darts (quivered)
Armour
 e - a +0 pair of boots (worn)
 f - a +0 robe (worn)
Potions
 g - a potion of curing {unknown}


   Skills:
 + Level 1.0 Fighting
 + Level 2.7 Axes
 + Level 1.0 Throwing
 + Level 1.2 Dodging
 + Level 4.5 Stealth
 + Level 1.1 Invocations


You couldn't memorise any spells.
You didn't know any spells.
Your spell library contained the following spells:

 Spells                   Type           Power      Damage    Failure   Level
 Blink                    Tloc           0%         N/A       43%         2
 Lesser Beckoning         Tloc           0%         N/A       67%         3
 Manifold Assault         Tloc           0%         N/A       100%        5


Dungeon Overview and Level Annotations

Branches:
Dungeon (1/15)

Altars:


Innate Abilities, Weirdness & Mutations

Your natural rate of healing is accelerated.
You have razor-sharp teeth.
You have supernaturally acute eyesight. (SInv)
You are afflicted with vampirism.


Message History

You hit the giant cockroach but do no damage.
Your bite misses the giant cockroach.
The giant cockroach bites you but does no damage.
The giant cockroach completely misses you.
You hit the giant cockroach.
The giant cockroach is moderately wounded.
The giant cockroach barely misses you.
You hit the giant cockroach.
The giant cockroach is almost dead.
The giant cockroach bites you but does no damage.
You hit the giant cockroach but do no damage.
You bite the giant cockroach.
You kill the giant cockroach!
You see here a giant cockroach corpse.
HP restored.
A goblin comes into view. It is wielding a +0 club.
A hobgoblin comes into view.
The hobgoblin shouts!
The hobgoblin hits you but does no damage.
Throw: dart (datura)
Press: ? - help, Q - select action, (/) - cycle Shift-Dir - straight line, f - goblin
Aim: a goblin, wielding a +0 club (51% to hit, chance to frenzy on hit: 100%)
You throw a datura-tipped dart.
The datura-tipped dart hits the hobgoblin.
The hobgoblin flies into a frenzy!
The hobgoblin barely misses the goblin.
The hobgoblin hits the goblin.
The goblin dies!
You barely miss the hobgoblin. The hobgoblin hits you. x2
You closely miss the hobgoblin.
The hobgoblin hits you but does no damage.
You barely miss the hobgoblin. The hobgoblin barely misses you.
The hobgoblin hits you.
You completely miss the hobgoblin. The hobgoblin barely misses you.
You closely miss the hobgoblin. You bite the hobgoblin.
The hobgoblin is heavily wounded.
The hobgoblin hits you.
* * * LOW HITPOINT WARNING * * *
The hobgoblin hits you.
You die...

..######## #... ...##
#..# #..##
####..#####...####
#.................
#.###.##..#####...####
#......().# #..##
#####g###........# #@#
########.# #.# #+# #.#
#.# ### ### #.# #.'
#(# #.#


You could see a neutral hobgoblin (fast, strong, insane).

Vanquished Creatures
  A giant cockroach (D:1)
  A kobold (D:1)
  A rat (D:1)
3 creatures vanquished.

Vanquished Creatures (collateral kills)
  A goblin (D:1)
1 creature vanquished.

Grand Total: 4 creatures vanquished

Notes
Turn   | Place    | Note
-------+----------+-------------------------------------------
     0 | D:1      | Hubjo the Vampire Wanderer began the quest for the Orb.
     0 | D:1      | Hubjo set off with the following items: a +0 dagger, 2
                  | atropa-tipped darts, a datura-tipped dart, a +0 hand axe, a
                  | +0 pair of boots, a +0 robe
     0 | D:1      | Reached XP level 1. HP: 15/15 MP: 1/1
   157 | D:1      | Slain by a hobgoblin

Illustrated notes

Levels and vault maps discovered:
D:1:      roderic_dead_forest, layout_loops_corners,
          chequers_serial_rivers_small_3, nicolae_shop_unique_rings

Action                   || total
-------------------------++-------
Melee: Dagger            ||    18
       Bite              ||     2
Throw: Dart              ||     1
 Stab: Sleeping          ||     1
Armor: Robe              ||     8
Dodge: Dodged            ||    12

Table legend: (Time is in decaauts)
 A = Elapsed time spent in this place.
 B = Non-inter-level travel time spent in this place.
 C = Inter-level travel time spent in this place.
 D = Time resting spent in this place.
 E = Time spent auto-exploring this place.
 F = Levels seen in this place.
 G = Mean time per level.
                   A        B        C        D        E       F      G
               +--------+--------+--------+--------+--------+-----+--------+
         Total |    156 |    152 |      4 |      0 |     76 |   1 |  156.0 |
       Dungeon |    156 |    152 |      4 |      0 |     76 |   1 |  156.0 |
               +--------+--------+--------+--------+--------+-----+--------+

Top non-repeatable levels by time:
     D:1: 156 daAuts
